 Dungeon Crawl Stone Soup version 0.26.1-11-gd32895ea62 (webtiles) character file.

Game seed: 4620481013780770517

325 StickStickly the Cudgeller (level 6, -5/52 HPs)
             Began as a Draconian Berserker on June 15, 2021.
             Was a Priest of Trog.
             Slain by an ogre
             ... wielding a +0 giant spiked club
              (14 damage)
             ... on level 5 of the Dungeon.
             The game lasted 01:19:49 (6368 turns).

StickStickly the Cudgeller (Draconian Berserker)    Turns: 6368, Time: 01:19:50

Health: -5/52      AC:  9    Str: 21    XL:     6   Next: 24%
Magic:  6/6        EV: 12    Int:  4    God:    Trog [***...]
Gold:   126        SH:  0    Dex: 10    Spells: 5/5 levels left

rFire    . . .     SeeInvis .   q - +0 whip (venom)
rCold    . . .     Faith    .   (no shield)
rNeg     . . .     Spirit   .   (armour unavailable)
rPois    .         Reflect  .   (helmet restricted)
rElec    .         Harm     .   (no cloak)
rCorr    .         Rampage  .   l - +2 pair of gloves
Will     ++...                  (no boots)
Stlth    +.........             (no amulet)
HPRegen  1.17/turn              i - -4 ring of intelligence (curse)
MPRegen  0.10/turn              (no ring)

@: mighty, berserk cooldown, regenerating, slowed, very slow
A: unfitting armour, cold-blooded, AC +6
a: Renounce Religion, Berserk, Trog's Hand


You were on level 5 of the Dungeon.
You worshipped Trog.
Trog was most pleased with you.
You visited 2 branches of the dungeon, and saw 6 of its levels.

You collected 126 gold pieces.

Inventory:

Hand Weapons
 a - a +0 mace
 d - a +0 dagger
 e - a +0 short sword
 h - a cursed -2 hunting sling
 j - a +0 vorpal hand axe
 k - a +0 whip
 q - a +0 whip of venom (weapon)
Missiles
 c - 89 arrows
 g - 161 stones (quivered)
 o - 39 bolts
Armour
 l - a +2 pair of gloves (worn)
Jewellery
 i - a cursed -4 ring of intelligence (left hand)
Wands
 s - a wand of iceblast (20)
 w - a wand of polymorph (9)
Scrolls
 b - 2 scrolls of teleportation
 r - a scroll of amnesia {unknown}
Potions
 f - 2 potions of berserk rage
 m - a potion of attraction
 n - a potion of heal wounds
 p - 3 potions of curing
 t - a potion of degeneration
 u - a potion of flight {unknown}
 v - a potion of haste {unknown}


   Skills:
 - Level 4.1 Fighting
 + Level 6.6 Maces & Flails
 - Level 2.6 Dodging


You had 5 spell levels left.
You didn't know any spells.
Your spell library was empty.

Dungeon Overview and Level Annotations

Branches:
Dungeon (5/15)             Temple (1/1) D:4

Altars:
Ashenzari
Cheibriados
Dithmenos
Elyvilon
Fedhas
Gozag
Hepliaklqana
Kikubaaqudgha
Makhleb
Nemelex Xobeh
Okawaru
Qazlal
Ru
Sif Muna
Trog
Uskayaw
Vehumet
Wu Jian
Yredelemnul
Zin
The Shining One


Innate Abilities, Weirdness & Mutations

Your plain brown scales are hard. (AC +6)
You cannot fit into any form of body armour.
You are cold-blooded and may be slowed by cold attacks.


Message History

You feel yourself moving faster!
You feel mighty!
You feel a strong urge to attack something.
The ogre hits you but does no damage.
You feel your anger nearly subside.
The ogre hits you with a +0 giant spiked club!
You are no longer berserk.
You are exhausted.
You feel yourself slow down. The ogre closely misses you.
The ogre barely misses you. The ogre barely misses you.
The ogre hits you with a +0 giant spiked club!
You feel very mighty all of a sudden. The ogre barely misses you.
The ogre hits you with a +0 giant spiked club!!
* * * LOW HITPOINT WARNING * * *
Your skin crawls.
You feel strong-willed.
The ogre hits you with a +0 giant spiked club!
You die...

......######.## #
#.#..........###.#
................>#
###.....#........+ #
#............###
###.##..#........#
........#......#.#
..#.###.#.####.#.#
..#.###.#.# #@# ..........#
#O# .##.##.#..# # #.#
.##.##.#..# #.#.#
....##.##.####.#.#
####.............##########
#.#.#.#.###.#..........?
#.#.#.#.. #.#.###(.....#
#.#.#.##.##.#.# ......#


You could see an ogre.

Vanquished Creatures
  2 hounds (D:5)
  5 worker ants
  An orc wizard (D:4)
  An adder (D:4)
  A shadow imp (D:5)
  An ufetubus (D:4)
  An ooze (D:2)
  A worm (D:4)
  2 leopard geckos
  11 orcs
  6 bats
  6 giant cockroaches
  5 goblins
  7 hobgoblins
  8 jackals
  4 quokkas
  9 frilled lizards
  7 kobolds
  A quokka skeleton (D:4)
  5 rats
84 creatures vanquished.

Notes
Turn   | Place    | Note
-------+----------+-------------------------------------------
     0 | D:1      | StickStickly the Draconian Berserker began the quest for
                  | the Orb.
     0 | D:1      | Reached XP level 1. HP: 19/19 MP: 1/1
   994 | D:1      | Reached XP level 2. HP: 25/26 MP: 2/2
  1186 | D:1      | Reached skill level 4 in Maces & Flails
  1517 | D:1      | Reached ** piety under Trog
  1798 | D:1      | Reached XP level 3. HP: 31/31 MP: 3/3
  3412 | D:3      | Found a shadowy altar of Dithmenos.
  3880 | D:3      | Reached XP level 4. HP: 40/40 MP: 4/4
  4373 | D:3      | Reached *** piety under Trog
  4445 | D:4      | Reached skill level 5 in Maces & Flails
  4482 | D:4      | Reached XP level 5. HP: 46/46 MP: 5/5
  4506 | D:4      | Found a staircase to the Ecumenical Temple.
  4519 | Temple   | Entered the Ecumenical Temple
  5292 | D:4      | Found a shimmering blue altar of Sif Muna.
  5512 | D:4      | Reached skill level 6 in Maces & Flails
  6106 | D:5      | Entered Level 5 of the Dungeon
  6198 | D:5      | Reached XP level 6. HP: 52/52 MP: 6/6
  6368 | D:5      | Slain by an ogre

Illustrated notes

Levels and vault maps discovered:
D:1:      minmay_arrival_split_and_join, layout_basic, serial_corexii_hall,
          chequers_hall_statues_y, corexii_hall_statues_i,
          minmay_misc_feat_cross
D:2:      layout_basic, kennysheep_generic_room_10
D:3:      layout_rooms, amcnicky_mini_pool_small,
          grunt_dithmenos_smoke_and_mirrors
D:4:      layout_cave_pools, temple_fountains, led_sif_book
D:5:      layout_basic, kennysheep_mini_moat, hellmonk_ghost_happy_afterlife
Temple:   minmay_crystal_snake_temple

Skill      XL: |  1  2  3  4  5 |
---------------+----------------+-----
Maces & Flails | 4 5 6 |  6.6
Fighting       | 4 |  4.1
Dodging        | |  2.6

Action                   |  1- 3 |  4- 6 || total
-------------------------+-------+-------++-------
Melee: Mace              |    59 |       ||    59
       Tailslap          |     9 |    17 ||    26
       Whip              |   115 |   138 ||   253
Throw: Stone             |    62 |    60 ||   122
Invok: Berserk           |       |     3 ||     3
       Trog's Hand       |       |     2 ||     2
  Use: Scroll            |     4 |     3 ||     7
       Potion            |       |     2 ||     2
Armor: Skin              |    68 |    45 ||   113
Dodge: Dodged            |   103 |    76 ||   179
